 Dungeon Crawl Stone Soup version 0.24.0-1-gfbc8707122 (webtiles) character file.

Game seed: 7320262856173913481, levelgen mode: deterministic

1674 Mrkan the Cudgeler (level 9, -7/56 HPs)
             Began as a Gargoyle Fighter on Oct 25, 2019.
             Was a Believer of Makhleb.
             Mangled by an ogre
             ... wielding a +0 giant club
              (16 damage)
             ... on level 6 of the Dungeon.
             The game lasted 00:13:10 (5166 turns).

Mrkan the Cudgeler (Gargoyle Fighter)               Turns: 5166, Time: 00:13:11

Health: -7/56      AC: 19    Str: 23    XL:     9   Next: 1%
Magic:  12/12      EV:  4    Int:  9    God:    Makhleb [**....]
Gold:   280        SH: 10    Dex:  9    Spells: 8/8 levels left

rFire    . . .     SeeInvis .   a - +0 flail
rCold    . . .     Gourm    .   c - +0 shield
rNeg     + . .     Faith    .   g - +0 plate armour
rPois    ∞         Spirit   .   i - +0 helmet
rElec    +         Reflect  .   (no cloak)
rCorr    .         Harm     .   (no gloves)
MR       .....                  (no boots)
Stlth    ..........             (no amulet)
HPRegen  0.18/turn              (no ring)
MPRegen  0.13/turn              (no ring)

@: no status effects
A: negative energy resistance 1, electricity resistance, unbreathing,
petrification resistance, rot immunity, AC +6
a: Minor Destruction, Renounce Religion


You were on level 6 of the Dungeon.
You worshipped Makhleb.
Makhleb was pleased with you.
You were hungry.

You visited 1 branch of the dungeon, and saw 6 of its levels.

You collected 280 gold pieces.

Inventory:

Hand Weapons
 a - a +0 flail (weapon)
Armour
 c - a +0 shield (worn)
 g - a +0 plate armour (worn)
 i - a +0 helmet (worn)
 x - +0 swamp dragon scales
Jewellery
 d - an uncursed amulet of guardian spirit {unknown}
 j - a +1 ring of protection {unknown}
 l - an uncursed ring of fire {unknown}
 m - an uncursed amulet of rage {unknown}
 B - an uncursed amulet of the gourmand {unknown}
Wands
 y - a wand of disintegration (10)
 G - a wand of paralysis (12)
 H - a wand of digging (3)
Scrolls
 e - 3 scrolls of remove curse
 h - 6 scrolls of identify {unknown}
 k - a scroll of fog {unknown}
 n - a scroll of fear {unknown}
 r - a scroll of amnesia {unknown}
 s - a scroll of blinking {unknown}
 t - 2 scrolls of enchant weapon {unknown}
 v - a scroll of holy word {unknown}
 w - a scroll of immolation {unknown}
 A - a scroll of enchant armour {unknown}
 C - a scroll of acquirement {unknown}
Potions
 b - 2 potions of agility
 p - 2 potions of curing
 q - 2 potions of degeneration
 u - 2 potions of flight
 E - a potion of invisibility
Comestibles
 f - 8 rations


   Skills:
 + Level 6.9 Fighting
 + Level 7.0 Maces & Flails
 - Level 3.2 Armour
 + Level 6.9 Shields
 + Level 4.1 Invocations


You had 8 spell levels left.
You didn't know any spells.
Your spell library was empty.

Dungeon Overview and Level Annotations

Branches:
Dungeon (6/15)
 Temple: D:4-7

Altars:
Makhleb
Ru
Sif Muna
Vehumet
Xom
Zin

Shops:
D:5 :


Innate Abilities, Weirdness & Mutations

You are resistant to torment.
Your stone body is resilient. (AC +6)
You are immune to poison.
You resist negative energy. (rN+)
You are resistant to electric shocks. (rElec)
You can survive without breathing.
You are immune to petrification.
You are immune to rotting.


Message History

The ogre is lightly wounded.
You block the ogre's attack.
You hit the ogre.
The ogre is lightly wounded.
The ogre hits you with a +0 giant club!
* * * LOW HITPOINT WARNING * * *
You barely miss the ogre.
The ogre is lightly wounded.
The ogre barely misses you.
You sock the ogre!
The ogre is severely wounded.
You block the ogre's attack.
You closely miss the ogre.
The ogre is severely wounded.
The ogre hits you with a +0 giant club!
* * * LOW HITPOINT WARNING * * *
Your shield and plate armour prevent you from hitting the ogre.
The ogre is severely wounded.
The ogre hits you with a +0 giant club!
You die...

....# ........# ....# #.# ....#
#.# ..#.# #)# ..#... #)# .(..###
#### #)# .#..# ... #)# .#.>#
#.#####)# ...... #..ggO@(#
.###########..###################
... ...........).....).........
≈≈≈ ≈≈≈≈≈...g≈≈≈≈≈≈≈≈≈≈≈≈≈≈≈≈≈≈ ≈
≈≈≈≈≈..g.g≈≈≈≈≈≈≈≈≈≈≈≈≈≈≈≈≈ ≈
≈≈≈≈≈..g.≈≈≈≈≈≈≈≈≈≈≈≈#####≈ .
.......g.............#gg.#≈
#####''gg#############...#≈
#..g.# #+###≈


You could see an ogre and 2 gnolls.

Vanquished Creatures
  Grinder (D:4)
  Sigmund (D:6)
  A sky beast (D:6)
  A centaur (D:5)
  An ogre (D:5)
  A gnoll sergeant (D:6)
  A howler monkey (D:4)
  A crimson imp (D:5)
  A gnoll shaman (D:6)
  A bullfrog skeleton (D:4)
  An orc priest (D:5)
  2 hounds (D:4)
  An orc wizard (D:5)
  Natasha (twice) (D:2)
  An iguana (D:6)
  Terence (D:1)
  3 worker ants
  3 hound zombies
  33 gnolls (D:6)
  6 adders
  An ooze (D:3)
  An adder zombie (D:4)
  6 worms (D:2)
  A dart slug (D:1)
  3 leopard geckos
  6 orcs
  6 bats
  17 giant cockroaches
  6 goblins
  8 hobgoblins
  28 jackals
  3 frilled lizards
  4 kobolds
  A leopard gecko skeleton (D:4)
  7 rats
  A plant (D:6)
  A toadstool (D:1)
163 creatures vanquished.

Vanquished Creatures (others)
  3 toadstools (D:1)
3 creatures vanquished.

Grand Total: 166 creatures vanquished

Notes
Turn   | Place    | Note
-------+----------+-------------------------------------------
     0 | D:1      | Mrkan the Gargoyle Fighter began the quest for the Orb.
     0 | D:1      | Reached XP level 1. HP: 14/14 MP: 1/1
    91 | D:1      | Reached XP level 2. HP: 18/19 MP: 2/2
   777 | D:2      | Noticed Terence
   803 | D:1      | Reached XP level 3. HP: 13/24 MP: 3/3
   809 | D:1      | Killed Terence
   809 | D:1      | Reached skill level 3 in Maces & Flails
   825 | D:2      | Reached XP level 4. HP: 18/29 MP: 4/4
  1148 | D:2      | Noticed Natasha
  1164 | D:2      | Killed Natasha
  1203 | D:2      | Reached XP level 5. HP: 9/33 MP: 5/5
  1487 | D:2      | Found a faded altar of an unknown god.
  1536 | D:2      | Reached skill level 4 in Maces & Flails
  1704 | D:2      | Noticed Natasha
  1729 | D:2      | Killed Natasha
  2221 | D:3      | Reached XP level 6. HP: 35/39 MP: 6/6
  2324 | D:3      | Found a shimmering blue altar of Sif Muna.
  2506 | D:4      | Noticed Grinder
  2518 | D:4      | Paralysed by Grinder for 7 turns
  2526 | D:4      | Paralysed by Grinder for 2 turns
  2528 | D:4      | Killed Grinder
  2528 | D:4      | Reached skill level 5 in Fighting
  2528 | D:4      | Reached skill level 5 in Maces & Flails
  2528 | D:4      | Reached skill level 5 in Shields
  2617 | D:4      | Reached XP level 7. HP: 44/44 MP: 7/7
  2835 | D:4      | Found a shimmering altar of Xom.
  3349 | D:4      | Found a glowing silver altar of Zin.
  3349 | D:4      | Found a radiant altar of Vehumet.
  3354 | D:4      | Found a burning altar of Makhleb.
  3356 | D:4      | Found a faded altar of an unknown god.
  3359 | D:4      | Found a sacrificial altar of Ru.
  3372 | D:4      | Became a worshipper of Makhleb the Destroyer
  3488 | D:5      | Entered Level 5 of the Dungeon
  3576 | D:5      | Reached skill level 1 in Invocations
  3597 | D:5      | Reached skill level 6 in Maces & Flails
  3635 | D:5      | Reached XP level 8. HP: 21/51 MP: 9/9
  3787 | D:5      | Found Ceiziegh's Book Emporium.
  4486 | D:6      | Noticed Sigmund
  4502 | D:6      | Killed Sigmund
  4502 | D:6      | Reached * piety under Makhleb
  5133 | D:6      | Reached skill level 7 in Maces & Flails
  5159 | D:6      | Reached ** piety under Makhleb
  5159 | D:6      | Reached XP level 9. HP: 32/56 MP: 12/12
  5166 | D:6      | Mangled by an ogre

Levels and vault maps discovered:
D:1:      ldierk_water_garden, layout_loops_ring
D:2:      minmay_inner_zag, layout_rooms, chequers_ecumenical_altar_grove,
          uniq_natasha, uniq_terence
D:3:      minmay_roachtagon, layout_rooms, lemuel_blue_sif_altar, first_ration
D:4:      layout_layer_cave, chequers_temple_overflow_minitemple,
          overflow_temple_1_default, uniq_grinder
D:5:      layout_loops_cross, serial_shops, shop_fountains
D:6:      lemuel_castle_with_subvaults [lemuel_castle_interior_original],
          layout_basic, uniq_sigmund

Skill      XL: |  1  2  3  4  5  6  7  8 |
---------------+-------------------------+-----
Maces & Flails | 3 4 5 6 7 |  7.0
Shields        | 4 5 6 |  6.9
Fighting       | 4 5 6 |  6.9
Invocations    | 2 4 |  4.1
Armour         | |  3.2

Action                   |  1- 3 |  4- 6 |  7- 9 || total
-------------------------+-------+-------+-------++-------
Melee: Flail             |    75 |   293 |   484 ||   852
  Use: Potion            |     1 |       |    13 ||    14
       Scroll            |       |     1 |       ||     1
  Eat: Chunk             |       |     6 |     2 ||     8
       Ration            |       |       |     2 ||     2
Armor: Scale mail        |    60 |    98 |       ||   158
       Plate armour      |       |    70 |   437 ||   507
       Skin              |       |       |    11 ||    11
Dodge: Dodged            |    32 |    68 |   129 ||   229
Block: Shield            |    51 |   154 |   361 ||   566
